 Dungeon Crawl Stone Soup version 0.24-a0-201-gf2055891f0 (webtiles) character file.

Game seed: 2945810379037661720

172 MrRokkomies the Skirmisher (level 5, 0/57 HPs)
             Began as an Ogre Hunter on Mar 22, 2019.
             Succumbed to an orc's poison
             ... on level 3 of the Dungeon.
             The game lasted 00:04:24 (2057 turns).

MrRokkomies the Skirmisher (Ogre Hunter)            Turns: 2057, Time: 00:04:25

Health: 0/57       AC:  3    Str: 18    XL:     5   Next: 53%
Magic:  4/4        EV: 11    Int: 12    God:
Gold:   117        SH:  0    Dex: 10    Spells: 4/4 levels left

rFire    . . .     SeeInvis .   j - +1 whip (venom)
rCold    . . .     Gourm    .   (no shield)
rNeg     . . .     Faith    .   b - +0 robe
rPois    .         Spirit   .   (helmet restricted)
rElec    .         Reflect  .   (no cloak)
rCorr    .         Harm     .   (gloves unavailable)
MR       .....     Rnd*Rage +   (boots unavailable)
Stlth    +.........             (no amulet)
HPRegen  0.19/turn              o - +1 ring of evasion
MPRegen  0.09/turn              (no ring)

@: lethally poisoned (0 -> -5), hasted, very quick
A: large, unfitting armour, berserk 1, low mp 1, mutation resistance 1, strong
1, tough skin 1
a: no special abilities


You were on level 3 of the Dungeon.
You were not hungry.

You visited 1 branch of the dungeon, and saw 3 of its levels.

You collected 117 gold pieces.

Inventory:

Hand Weapons
 a - a +2 hand axe of freezing
 j - a +1 whip of venom (weapon)
Missiles
 c - 5 large rocks
 d - a throwing net
 h - 7 curare-tipped needles
 i - 94 stones (quivered)
 l - 3 javelins
 r - 4 needles of confusion
 t - 8 poisoned needles
Armour
 b - a +0 robe (worn)
Jewellery
 o - a +1 ring of evasion (left hand)
Scrolls
 m - 2 scrolls of teleportation
Potions
 e - a potion of heal wounds
 g - 3 potions of lignification
 s - a potion of agility
Comestibles
 f - 9 rations


   Skills:
 * Level 5.5 Fighting
 * Level 5.4 Throwing
 - Level 1.7 Dodging
 - Level 0.6 Stealth


You had 4 spell levels left.
You didn't know any spells.
Your spell library was empty.

Dungeon Overview and Level Annotations

Branches:
Dungeon (3/15)

Altars:
Cheibriados
Makhleb


Innate Abilities, Weirdness & Mutations

You are too large for most types of armour.
You have tough skin. (AC +1)
You tend to lose your temper in combat.
Your magical capacity is low. (-10% MP)
You are somewhat resistant to further mutation.
Your muscles are strong. (Str +2)


Message History

Found a spear.
* * * LOW HITPOINT WARNING * * *
You feel sick.
* * * LOW HITPOINT WARNING * * *
You feel sick.
Found a stone staircase leading down.
* * * LOW HITPOINT WARNING * * *
You feel sick.
Found 11 gold pieces.
* * * LOW HITPOINT WARNING * * *
You feel sick.
* * * LOW HITPOINT WARNING * * *
You feel sick.
* * * LOW HITPOINT WARNING * * *
You feel sick.
* * * LOW HITPOINT WARNING * * *
You feel sick.
* * * LOW HITPOINT WARNING * * *
You feel sick.
You die...

..$.....#
........#
.####...#######
#............#
#.##...#####.#
.#.##...#
........#
...##.#.# ##
#.#@# ###
#.#..# #..
#.##.# #.# .#
... .. ... .##
... .. ##.###.#
....#


There were no monsters in sight!

Vanquished Creatures
  An orc priest (D:3)
  An orc wizard (D:3)
  4 gnolls (D:2)
  2 adders
  An ooze (D:2)
  A worm (D:3)
  A dart slug (D:3)
  3 leopard geckos
  7 orcs (D:3)
  4 goblins
  3 hobgoblins
  A jackal (D:2)
  5 kobolds
  A quokka (D:3)
  3 ball pythons (D:2)
  2 bats (D:2)
  A frilled lizard (D:3)
  2 rats
43 creatures vanquished.

Notes
Turn   | Place    | Note
-------+----------+-------------------------------------------
     0 | D:1      | MrRokkomies the Ogre Hunter began the quest for the Orb.
     0 | D:1      | Reached XP level 1. HP: 22/22 MP: 1/1
   711 | D:2      | Reached XP level 2. HP: 31/31 MP: 2/2
   940 | D:2      | Reached XP level 3. HP: 10/39 MP: 3/3
   950 | D:2      | Reached XP level 4. HP: 4/49 MP: 4/4
  1331 | D:2      | Found a snail-covered altar of Cheibriados.
  1383 | D:2      | Found a burning altar of Makhleb.
  1587 | D:3      | Reached skill level 5 in Throwing
  1589 | D:3      | Reached skill level 5 in Fighting
  1596 | D:3      | Reached XP level 5. HP: 30/57 MP: 5/5
  2034 | D:3      | Gained mutation: You tend to lose your temper in combat.
                  | [potion of mutation]
  2034 | D:3      | Gained mutation: Your muscles are strong. (Str +2) [potion
                  | of mutation]
  2034 | D:3      | Gained mutation: Your magical capacity is low. (-10% MP)
                  | [potion of mutation]
  2034 | D:3      | Gained mutation: You are somewhat resistant to further
                  | mutation. [potion of mutation]
  2053 | D:3      | HP: 2/57 [poisoned by an orc]
  2057 | D:3      | Succumbed to an orc's poison

Levels and vault maps discovered:
D:1:      dpeg_arrival_court, layout_basic, kennysheep_small_spiral,
          palyth_stone_intersect, serial_bayou_lake_a
D:2:      layout_loops_ring, old_standard_altar, lemuel_coloured_pillars_altar,
          first_ration, minmay_tromino_mix6
D:3:      layout_loops_ring, zin_scriptorium, lemuel_tele_altar

Skill      XL: |  1  2  3  4 |
---------------+-------------+-----
Fighting       | 3 4 5 |  5.5
Throwing       | 5 |  5.4
Dodging        | |  1.7
Stealth        | |  0.6

Action                   |  1- 3 |  4- 6 || total
-------------------------+-------+-------++-------
Melee: Short sword       |     9 |       ||     9
       Hand axe          |    34 |    54 ||    88
Throw: Large rock        |     3 |     5 ||     8
       Throwing net      |     2 |     1 ||     3
       Javelin           |       |     8 ||     8
  Use: Scroll            |     1 |     3 ||     4
       Potion            |       |     7 ||     7
 Stab: Sleeping          |     1 |     1 ||     2
  Eat: Ration            |       |     1 ||     1
Armor: Robe              |    17 |    14 ||    31
Dodge: Dodged            |    17 |    36 ||    53

Table legend:
 A = Non-vault XP
 B = Vault XP
 C = Vault XP percentage of total XP
 D = Non-vault monster count
 E = Vault monster count
 F = Vault count percentage of total count
                 A         B        C        D         E       F
            +---------+---------+-------+---------+---------+-------
      Total |     240 |       7 |   2.8 |      40 |       3 |   7.0
            +---------+---------+-------+---------+---------+-------
        D:1 |       7 |       0 |   0.0 |       4 |       0 |   0.0
        D:2 |      97 |       7 |   6.7 |      18 |       3 |  14.3
        D:3 |     136 |       0 |   0.0 |      18 |       0 |   0.0
            +---------+---------+-------+---------+---------+-------
